 Dungeon Crawl Stone Soup version 0.28-a0-1080-g05a166d0ed (webtiles) character file.

Game seed: 4279495573993214899

3790 enile the Skirmisher (level 10, -19/91 HPs)
             Began as a Ghoul Monk on Dec 10, 2021.
             Was a Believer of Ashenzari.
             Killed from afar by Erica (24 damage)
             ... with a lance of force
             ... on level 9 of the Dungeon.
             The game lasted 00:41:22 (13783 turns).

enile the Skirmisher (Ghoul Monk)                  Turns: 13783, Time: 00:41:23

Health: -19/91     AC: 10    Str: 20    XL:     10   Next: 16%
Magic:  9/9        EV:  7    Int:  5    God:    Ashenzari [**....]
Gold:   171        SH: 11    Dex: 17    Spells: 7/9 levels left

rFire   . . .      SeeInvis +   c - +2 spear "the Ego of the Sky" {flame, Fort, Self} (curse)
rCold   + . .      Faith    .   D - +0 kite shield "Lashed Vision" {Range, Alch} (curse)
rNeg    + + +      Spirit   .   n - +0 chain mail of Panopticon {Elem, Range} (curse)
rPois   ∞          Reflect  .   (no helmet)
rElec   .          Harm     .   (no cloak)
rCorr   .          Rampage  .   (no gloves)
Will    .....                   (no boots)
Stlth   ..........              (no amulet)
HPRegen 0.00/turn               o - ring of poison resistance
MPRegen 0.11/turn               d - ring of Ashenzari's Pleiades {Dex+6, Alch, Evo} (curse)

@: inhibited regen, slowed, very slow
A: claws 1, cold resistance 1, negative energy resistance 3, inhibited
regeneration, torment resistance 2
a: Renounce Religion, Curse Item, Shatter the Chains


You were on level 9 of the Dungeon.
You worshipped Ashenzari.
Ashenzari was pleased with you.
You visited 1 branch of the dungeon, and saw 9 of its levels.

You collected 311 gold pieces.
You spent 140 gold pieces at shops.

Inventory:

Hand Weapons
 b - a +0 scythe
 c - the cursed +2 spear "the Ego of the Sky" (weapon) {flame, Fort, Self}
   (You found it on level 1 of the Dungeon)

   It burns those it strikes, dealing additional fire damage.
   It has a curse which improves the following skills: Fortitude: Armour and
   Shields.
   Introspection: Fighting and Spellcasting.
 g - a +2 dagger of protection
 m - a +1 short sword of freezing
 p - a +3 hand axe
 q - a +1 dagger of venom
 A - a +4 morningstar
 E - a +3 dire flail
 F - a +5 dagger
 G - a +2 short sword of draining
 I - a +1 glaive of freezing
 K - a +4 mace
Missiles
 v - 70 sling bullets
 H - 42 poisoned darts (quivered)
Armour
 a - a +0 robe
 n - the cursed +0 chain mail of Panopticon (worn) {Elem, Range}
   (You found it on level 2 of the Dungeon)

   It has a curse which improves the following skills: Elements: Fire Magic, Ice
   Magic, Air Magic and Earth Magic.
   Ranged Combat: Slings, Bows, Crossbows and Throwing.
 D - the cursed +0 kite shield "Lashed Vision" (worn) {Range, Alch}
   (You found it on level 6 of the Dungeon)

   It has a curse which improves the following skills: Ranged Combat: Slings,
   Bows, Crossbows and Throwing.
   Alchemy:   Poison Magic and Transmutations.
Magical Staves
 k - a staff of conjuration
Jewellery
 d - the cursed ring of Ashenzari's Pleiades (right claw) {Dex+6, Alch, Evo}
   (You found it on level 7 of the Dungeon)

   [ring of dexterity]

   Dex:       It affects your dexterity (+6).
   It has a curse which improves the following skills: Alchemy: Poison Magic and
   Transmutations.
   Evocations: Evocations.
 o - a ring of poison resistance (left claw)
Wands
 h - a wand of paralysis (8)
 r - a wand of polymorph (4)
 x - a wand of mindburst (4)
 z - a wand of iceblast (6)
 M - a wand of flame (12)
Scrolls
 e - 7 scrolls of identify
 f - 2 scrolls of noise
 j - a scroll of fog
 u - a scroll of vulnerability
 y - 3 scrolls of amnesia
 B - a scroll of silence
 C - a scroll of teleportation
 L - 2 scrolls of immolation
Potions
 i - a potion of mutation
 l - 5 potions of curing
 s - a potion of berserk rage
 t - 2 potions of flight
 w - a potion of degeneration
Miscellaneous
 N - a piece from Xom's chessboard (14/15)


   Skills:
 - Level 7.5(9.0) Fighting
 - Level 5.0 Polearms
 - Level 2.2(4.0) Throwing
 - Level 5.5(7.0) Armour
 - Level 2.6 Dodging
 - Level 6.0 Stealth
 - Level 5.5(7.0) Shields
 - Level 3.6 Unarmed Combat
 + Level 4.3(5.7) Evocations


You had 7 spell levels left.
You knew the following spells:

 Your Spells              Type           Power      Damage    Failure   Level
a - Ensorcelled Hibernat  Hex/Ice        0%         N/A       100%        2

Your spell library contained the following spells:

 Spells                   Type           Power      Damage    Failure   Level
 Foxfire                  Conj/Fire      0%         2x1d4     100%        1
 Shock                    Conj/Air       0%         1d3       100%        1
 Corpse Rot               Necr/Air       0%         N/A       100%        2
 Poisonous Vapours        Pois/Air       0%         N/A       100%        2
 Conjure Flame            Conj/Fire      0%         6-21      100%        3
 Inner Flame              Hex/Fire       0%         N/A       100%        3
 Swiftness                Air            0%         N/A       100%        3
 Airstrike                Air            0%         N/A       100%        4
 Flame Wave               Conj/Fire      0%         2d4       100%        4
 Spider Form              Tmut/Pois      Unusable   N/A       N/A         3

Dungeon Overview and Level Annotations

Branches:
Dungeon (9/15)             Temple (0/1) D:5
   Lair: D:8-11         Orc: D:9-12

Altars:
Ashenzari
Nemelex Xobeh

Shops:
D:2 :[[(   D:6 *[=

Annotations:
D:9 Erica


Innate Abilities, Weirdness & Mutations

You thrive by killing the living.
You are immune to poison.
You have sharp fingernails.
Your flesh is cold resistant. (rC+)
You are immune to negative energy. (rN+++)
You do not regenerate when monsters are visible.
You are immune to unholy pain and torment.


Message History

Erica is moderately wounded.
Erica is no longer moving slowly.
Throw: 43 darts (poison)
Press: ? - help, Q - select action, (/) - cycle Shift-Dir - straight line, f/p - Erica
Aim: Erica, wielding a +0 scimitar of flaming and wearing a +0 robe (heavily wounded, slightly transparent, very poisoned, 63% to hit)
You throw a poisoned dart. The poisoned dart closely misses Erica.
Unknown command.
You hit Erica. You burn Erica.
Erica is heavily wounded.
Erica points at you and mumbles some strange words.
The lance of force hits you!!
You are knocked back by the lance of force.
You slam into the rock wall!
Erica casts a spell at you. The lance of force hits you!!
* * * LOW HITPOINT WARNING * * *
You are knocked back by the lance of force.
You slam into the rock wall!
* * * LOW HITPOINT WARNING * * *
Press: ? - help, v - describe, . - travel
Here: Erica, wielding a +0 scimitar of flaming and wearing a +0 robe (heavily wounded, slightly transparent, very poisoned)
The floor.
Aiming: Paralyse
Press: ? - help, Shift-Dir - straight line, f/p - Erica
Aim: Erica, wielding a +0 scimitar of flaming and wearing a +0 robe (heavily wounded, slightly transparent, very poisoned, chance to affect: 28%)
Okay, then.
You make a move on Xom's chessboard...
Erica easily resists.
Erica closely misses you.
Okay, then.
Aiming: Mindburst
Press: ? - help, Shift-Dir - straight line, f/p - Erica
Aim: Erica, wielding a +0 scimitar of flaming and wearing a +0 robe (heavily wounded, slightly transparent, very poisoned, chance to affect: 54%) Erica resists with significant effort.
Erica hits you with a +0 scimitar of flaming!
* * * LOW HITPOINT WARNING * * *
Erica burns you.
* * * LOW HITPOINT WARNING * * *
Erica gestures at you while chanting. The lance of force hits you!!
You die...

##
#.......##..#.##.#.###.###
#.......##..#.##.#.......#
#.......##....#........#.#
##.####.##.#############.##
#. #.##................#
#,* #..........##########
#############..#
##.......(@.##..#
*#......####@....#
#..$....# #####.# #.....{.#
#.# #...(...# #.# #.......#
#.# #.(.....# #.# #(#######
#.# #> #.# #.#


You could see Erica (invisible, poisoned).

Vanquished Creatures
  Grinder (D:6)
  A wyvern (D:8)
  4 yaks (D:8)
  A steam dragon (D:6)
  A water moccasin (D:6)
  2 orc warriors
  An ice beast (D:8)
  2 black bears
  A necrophage (D:6)
  A phantom (D:7)
  2 centaurs
  2 kobold brigands
  A scorpion (D:6)
  2 bullfrogs
  A wyvern zombie (D:6)
  6 killer bees (D:8)
  12 wights
  4 howler monkeys
  A jelly (D:6)
  2 bullfrog skeletons
  3 orc priests
  A hound (D:7)
  An iguana (D:6)
  4 orc wizards
  A hound skeleton (D:4)
  A howler monkey zombie (D:7)
  8 adders
  A shadow imp (D:5)
  An ufetubus (D:4)
  A worm (D:3)
  A dart slug (D:1)
  24 orcs
  3 bats (D:1)
  5 endoplasms
  2 giant cockroaches
  6 goblins
  3 hobgoblins
  29 kobolds
  4 quokkas
  4 ball pythons
  2 frilled lizards
  6 rats
159 creatures vanquished.

Vanquished Creatures (others)
  29 plants
29 creatures vanquished.

Grand Total: 188 creatures vanquished

Notes
Turn   | Place    | Note
-------+----------+-------------------------------------------
     0 | D:1      | enile the Ghoul Monk began the quest for the Orb.
     0 | D:1      | Reached XP level 1. HP: 19/19 MP: 0/0
   562 | D:1      | Reached XP level 2. HP: 25/27 MP: 1/1
   610 | D:1      | Reached skill level 4 in Fighting
  1349 | D:2      | Found Uddoq's Antique Armour Shoppe.
  1401 | D:2      | Found Ciann's Armour Shop.
  1464 | D:2      | Found Jeux's Book Emporium.
  1543 | D:2      | Reached skill level 1 in Polearms
  1543 | D:2      | Reached XP level 3. HP: 28/33 MP: 2/2
  1863 | D:2      | Found Hiynuryn's Weapon Boutique.
  2020 | D:3      | Found a faded altar of an unknown god.
  2054 | D:3      | Prayed at the altar of an unknown god.
  2054 | D:3      | Became a worshipper of Ashenzari the Shackled
  2218 | D:3      | Reached XP level 4. HP: 35/40 MP: 3/3
  2815 | D:4      | Noticed an ogre
  2923 | D:4      | Reached * piety under Ashenzari
  3008 | D:4      | Reached skill level 1 in Armour
  3251 | D:4      | Noticed a black bear
  3265 | D:4      | Killed a black bear
  3266 | D:4      | Reached XP level 5. HP: 20/49 MP: 4/4
  3535 | D:5      | Entered Level 5 of the Dungeon
  3826 | D:5      | Reached XP level 6. HP: 57/57 MP: 5/5
  3841 | D:5      | Found a staircase to the Ecumenical Temple.
  3973 | D:5      | Noticed a black bear
  3981 | D:5      | Killed a black bear
  3982 | D:5      | Reached skill level 5 in Fighting
  4303 | D:6      | Noticed a water moccasin
  4316 | D:6      | Killed a water moccasin
  4317 | D:6      | Reached XP level 7. HP: 51/63 MP: 6/6
  4504 | D:6      | Reached skill level 5 in Stealth
  4680 | D:6      | Found Ygguam's General Store.
  4681 | D:6      | Found Litini's Antique Armour Shop.
  4683 | D:6      | Found Faimoim's Jewellery Boutique.
  4687 | D:6      | Bought a wand of polymorph (5) for 98 gold pieces
  4687 | D:6      | Bought a potion of curing for 42 gold pieces
  4975 | D:6      | Reached skill level 6 in Fighting
  5546 | D:6      | Reached skill level 1 in Shields
  5546 | D:6      | Reached XP level 8. HP: 35/73 MP: 7/7
  6320 | D:6      | Noticed Grinder
  6335 | D:6      | Paralysed by Grinder for 6 turns
  6342 | D:6      | Killed Grinder
  6540 | D:6      | Reached skill level 1 in Throwing
  7595 | D:6      | Reached ** piety under Ashenzari
  7927 | D:7      | Reached XP level 9. HP: 49/79 MP: 8/8
  7930 | D:7      | Learned a level 2 spell: Ensorcelled Hibernation
  9177 | D:7      | Found a sparkling altar of Nemelex Xobeh.
  9248 | D:7      | Noticed a deep elf zephyrmancer
  9731 | D:8      | Noticed an eight-headed hydra
 11299 | D:8      | Reached skill level 5 in Armour
 11579 | D:8      | Reached skill level 5 in Polearms
 12293 | D:8      | Reached skill level 7 in Fighting
 12302 | D:8      | Reached XP level 10. HP: 28/90 MP: 9/9
 12936 | D:9      | Reached skill level 5 in Shields
 13768 | D:9      | Noticed Erica
 13783 | D:9      | Killed from afar by Erica

Illustrated notes

Levels and vault maps discovered:
D:1:      lordsloth_arrival_two_stooges, layout_basic, serial_bayou_pond_b
D:2:      layout_rooms, serial_aquarium, aquarium_bridge_straight
          [aquarium_subvault_bridge, aquarium_subvault_window,
          aquarium_subvault_bridge, aquarium_subvault_window],
          aquarium_bridge_square [aquarium_subvault_bridge,
          aquarium_subvault_wall, aquarium_subvault_wall,
          aquarium_subvault_bridge], aquarium_window_2, aquarium_window_1,
          aquarium_view_2c, aquarium_view_2c, aquarium_pool_double,
          serial_shops, nicolae_shop_bloodbath_and_beyond, shop_statue,
          nicolae_shop_crystal, shop
D:3:      layout_basic, basic_ecumenical_altar
D:4:      layout_basic
D:5:      layout_basic, minmay_temple_entry_offerings, minmay_misc_feat_x
D:6:      kennysheep_kobold_camp, layout_gridville, nicolae_wooded_promenade,
          uniq_grinder
D:7:      layout_cave_pools, nemelex_diamond_rough_becter,
          guppyfry_early_elven_hall
D:8:      layout_gridville, kennysheep_generic_room_10
D:9:      layout_basic, uniq_erica

Skill      XL: |  1  2  3  4  5  6  7  8  9 10 |
---------------+-------------------------------+-----
Fighting       | 4 5 6 7 |  7.5
Polearms       | 1 2 3 4 5 |  5.0
Stealth        | 3 4 5 6 |  6.0
Armour         | 1 2 3 4 5 |  5.5
Evocations     | 2 4 |  4.3
Shields        | 1 3 4 5 |  5.5
Throwing       | 2 |  2.2
Dodging        | |  2.6
Unarmed Combat | |  3.6

Action                   |  1- 3 |  4- 6 |  7- 9 | 10-12 || total
-------------------------+-------+-------+-------+-------++-------
Melee: Unarmed           |    41 |       |       |       ||    41
       Spear             |    69 |   110 |   456 |    43 ||   678
       Punch             |       |     2 |     4 |       ||     6
Throw: Dart              |       |       |    41 |    15 ||    56
Invok: Curse Item        |       |     2 |     2 |       ||     4
Evoke: Wand              |       |       |     5 |     3 ||     8
       Piece from Xom's  |       |       |       |     1 ||     1
  Use: Scroll            |       |     1 |     5 |       ||     6
       Potion            |       |     1 |     5 |       ||     6
 Stab: Sleeping          |     1 |       |       |       ||     1
       Fleeing           |       |       |     1 |       ||     1
       Invisible         |       |       |     1 |     2 ||     3
Armor: Robe              |    14 |       |       |       ||    14
       Chain mail        |    17 |    56 |   190 |    11 ||   274
Dodge: Dodged            |    54 |    39 |   139 |    14 ||   246
Block: Kite shield       |       |       |   142 |    18 ||   160

Table legend: (Time is in decaauts)
 A = Elapsed time spent in this place.
 B = Non-inter-level travel time spent in this place.
 C = Inter-level travel time spent in this place.
 D = Time resting spent in this place.
 E = Time spent auto-exploring this place.
 F = Levels seen in this place.
 G = Mean time per level.
                   A        B        C        D        E       F      G
               +--------+--------+--------+--------+--------+-----+--------+
         Total |  13803 |  13343 |    460 |   1729 |   8970 |   9 | 1533.7 |
       Dungeon |  13803 |  13343 |    460 |   1729 |   8970 |   9 | 1533.7 |
               +--------+--------+--------+--------+--------+-----+--------+

Top non-repeatable levels by time:
     D:6: 3914 daAuts
     D:8: 2847 daAuts
     D:7: 1866 daAuts
     D:1: 1348 daAuts
     D:9: 872 daAuts
     D:3: 829 daAuts
     D:5: 765 daAuts
     D:4: 688 daAuts
     D:2: 672 daAuts
